[Event "Titled Tuesday Blitz February 07 Late 2023"]
[White "Urazayev, Arystanbek"]
[Black "Seletsky, Grigory"]
[WhiteFideId "13709810"]
[BlackFideId "14112191"]
[WhiteElo "2460"]
[BlackElo "2259"]
[Result "1-0"]
[Round "01"]
[TimeControl "180+2"]
[Date "2023.02.07"]
[WhiteClock "0:01:37"]
[BlackClock "0:00:02"]

1. d4 c5 2. d5 e5 3. e4 d6 4. Nc3 Nf6 5. Bd3 Be7 6. Nge2 O-O 7. O-O Nbd7 8. a4 a6 9. Ng3 g6 10. Bh6 Re8 11. h3 Kh8 12. Qd2 Ng8 13. Be3 Bf6 14. Rae1 Bg7 15. f4 exf4 16. Bxf4 Qe7 17. Nd1 Ne5 18. Be2 Bd7 19. b3 b5 20. axb5 axb5 21. Ne3 Ra2 22. Bd1 b4 23. Be2 Rea8 24. Nc4 Nxc4 25. Bxc4 Bd4+ 26. Kh1 Rb2 27. e5 dxe5 28. d6 Qxd6 29. Rxe5 Bxe5 30. Qxd6 Bxd6 31. Bxd6 Rxc2 32. Rxf7 Rxc4 33. bxc4 Nh6 34. Rxd7 Kg8 35. Ne4 Nf7 36. Bxc5 b3 37. Nf6+ Kg7 38. Bd4 Ra2 39. Nd5+ Kf8 40. Rb7 Ke8 41. Rxb3 Rd2 42. Rb8+ Kd7 43. Rb7+ Ke8 44. Bc5 Rd1+ 45. Kh2 Ng5 46. Nf6+ Kd8 47. Nxh7 Nxh7 48. Rxh7 Rc1 49. Be7+ Ke8 50. c5 1-0


[Site "https://www.chess.com"]

[Event "Titled Tuesday Blitz February 07 Late 2023"]
[White "Petrovic, Aleksa"]
[Black "Rasulov, Vugar"]
[WhiteFideId "967629"]
[BlackFideId "13402390"]
[WhiteElo "2332"]
[BlackElo "2523"]
[Result "1/2-1/2"]
[Round "01"]
[TimeControl "180+2"]
[Date "2023.02.07"]
[WhiteClock "0:02:08"]
[BlackClock "0:02:08"]

1. d4 d5 2. c4 dxc4 3. Nf3 Nf6 4. e3 e6 5. Bxc4 c5 6. Nc3 Nc6 7. O-O Be7 8. Qe2 O-O 9. Rd1 Qc7 10. a3 a6 11. dxc5 Bxc5 12. b4 Bd6 13. Bb2 Ne5 14. Nxe5 Bxe5 15. f4 Bxc3 16. Bxc3 b5 17. Bxf6 gxf6 18. Qg4+ Kh8 19. Qh4 Kg7 20. Qg4+ Kh8 21. Qh4 Kg7 22. Qg4+ Kh8 1/2-1/2


[Site "https://www.chess.com"]

[Event "Titled Tuesday Blitz February 07 Late 2023"]
[White "Yoo, Christopher Woojin"]
[Black "Vovk, Orest"]
[WhiteFideId "30909694"]
[BlackFideId "14113490"]
[WhiteElo "2607"]
[BlackElo "2315"]
[Result "1-0"]
[Round "01"]
[TimeControl "180+2"]
[Date "2023.02.07"]
[WhiteClock "0:00:07"]
[BlackClock "0:00:10"]

1. g3 g5 2. d4 g4 3. h3 gxh3 4. Bxh3 d5 5. Bxc8 Qxc8 6. Nc3 Nf6 7. Bg5 c6 8. Bxf6 exf6 9. e3 Bb4 10. Ne2 Qg4 11. Qd3 Qg6 12. O-O-O Nd7 13. e4 Bxc3 14. Nxc3 dxe4 15. Nxe4 f5 16. Nc3 O-O-O 17. Rh4 Nc5 18. Qc4 Ne4 19. Nxe4 fxe4 20. d5 Rhe8 21. Rf4 f5 22. dxc6 Rxd1+ 23. Kxd1 Rd8+ 24. Kc1 bxc6 25. Qc5 Rd5 26. Qf8+ Kb7 27. Qe7+ Kb6 28. Rh4 h5 29. Qb4+ Kc7 30. Qe7+ Kb6 31. a4 Qh6+ 32. Rf4 Qg6 33. b4 a5 34. bxa5+ Rxa5 35. Qd8+ Ka6 36. Qa8+ Kb6 37. Qb8+ Ka6 38. Qc8+ Kb6 39. Qd8+ Ka6 40. Qd4 Rd5 41. Qc4+ Kb6 42. Qb4+ Kc7 43. a5 Qd6 44. Qxd6+ Kxd6 45. a6 Ke5 46. Rh4 Ra5 47. Rxh5 e3 48. fxe3 Ke4 49. g4 Rxa6 50. gxf5 Kxe3 51. f6 c5 52. Rf5 Ra8 53. f7 Rf8 54. Kb2 Ke4 55. Rf1 Ke5 56. Kc3 Ke6 57. Kc4 Ke7 58. c3 Kd6 59. Rf6+ Ke7 60. Rf5 Ke6 61. Rf2 Kd6 62. Kb5 Rb8+ 63. Ka6 Ra8+ 64. Kb7 Rf8 65. c4 Ke5 66. Kc6 Ke6 67. Re2+ Kf6 68. Re1 Kg7 69. Rg1+ Kf6 70. Rf1+ Kg7 71. Kxc5 Rc8+ 72. Kd5 Kf8 73. c5 Rd8+ 74. Kc6 Rd2 75. Kb6 Rb2+ 76. Kc7 Rc2 77. c6 Rd2 78. Kb7 Rb2+ 79. Kc8 Rb1 80. Rxb1 1-0


[Site "https://www.chess.com"]

[Event "Titled Tuesday Blitz February 07 Late 2023"]
[White "Mortazavi, Ali"]
[Black "Chigaev, Maksim"]
[WhiteFideId "401323"]
[BlackFideId "4108116"]
[WhiteElo "2333"]
[BlackElo "2628"]
[Result "0-1"]
[Round "01"]
[TimeControl "180+2"]
[Date "2023.02.07"]
[WhiteClock "0:00:07"]
[BlackClock "0:00:12"]

1. Nf3 Nf6 2. g3 g6 3. Bg2 Bg7 4. O-O O-O 5. d3 c5 6. e4 d6 7. e5 dxe5 8. Nxe5 Nbd7 9. Nxd7 Qxd7 10. Nc3 Qc7 11. h3 Bd7 12. Re1 Rfe8 13. Bf4 Qb6 14. Be5 Bc6 15. Bxc6 Qxc6 16. a4 b6 17. Qe2 Rad8 18. Rad1 Nd5 19. Bxg7 Kxg7 20. Nxd5 Rxd5 21. Qf3 Qd7 22. h4 h5 23. b3 e5 24. Re2 f6 25. Rde1 Re7 26. Re4 Rd4 27. R4e2 Qg4 28. Qa8 Qd7 29. Qf3 Qb7 30. Qe3 Rdd7 31. Qc1 Qf3 32. Re3 Qf5 33. Re4 Rd4 34. a5 Red7 35. axb6 axb6 36. Qa3 Qf3 37. Qa6 Rxe4 38. Rxe4 Qd1+ 39. Kg2 Qxc2 40. Qxb6 Qxd3 41. Re3 Qd5+ 42. Kh2 c4 43. bxc4 Qxc4 44. Ra3 Qd4 45. Ra6 Qxb6 46. Rxb6 Kf7 47. Kg2 Re7 48. Ra6 Rb7 49. Kf3 Rb3+ 50. Kg2 Rb2 51. Rc6 Ke7 52. Kf3 Kf7 53. Ra6 Rd2 54. Ke3 Rd7 55. f4 exf4+ 56. Kxf4 Rd4+ 57. Ke3 Rd7 58. Kf4 Rb7 59. Ke3 Rb3+ 60. Kf4 Rb4+ 61. Ke3 Rb5 62. Rc6 Rf5 63. Ra6 Re5+ 64. Kf3 Re6 65. Ra5 Ke7 66. g4 hxg4+ 67. Kxg4 Re4+ 68. Kg3 Kf7 69. Ra6 Re6 70. Ra8 Kg7 71. Kg4 Re4+ 72. Kg3 Kh7 73. Ra7+ Kh6 74. Rf7 f5 75. Rf6 Kh5 76. Rf8 Rg4+ 77. Kf3 Kxh4 78. Ra8 Kg5 79. Ra1 Rf4+ 80. Kg3 Re4 81. Kf3 Kf6 82. Rh1 g5 83. Rh6+ Ke5 84. Rh8 g4+ 85. Kg3 Re3+ 86. Kf2 Kf4 87. Rf8 Ra3 88. Rb8 Ra2+ 89. Kg1 Kg3 90. Rb3+ Kh4 91. Rc3 f4 92. Kh1 f3 93. Rc4 Kh3 94. Rc1 Rh2+ 95. Kg1 f2+ 96. Kf1 Rh1+ 97. Ke2 Rxc1 0-1


[Site "https://www.chess.com"]

[Event "Titled Tuesday Blitz February 07 Late 2023"]
[White "Dardha, Daniel"]
[Black "Bas Mas, Jose Joaquin"]
[WhiteFideId "240990"]
[BlackFideId "22219064"]
[WhiteElo "2631"]
[BlackElo "2197"]
[Result "1-0"]
[Round "01"]
[TimeControl "180+2"]
[Date "2023.02.07"]
[WhiteClock "0:01:48"]
[BlackClock "0:00:20"]

1. Nf3 Nf6 2. c4 e6 3. Nc3 d5 4. d4 Nbd7 5. g4 c6 6. g5 Ne4 7. Qd3 Bb4 8. h4 b6 9. Qc2 Qe7 10. Bf4 O-O 11. e3 c5 12. cxd5 exd5 13. a3 Bxc3+ 14. bxc3 Bb7 15. Bh3 Rfe8 16. h5 Nf8 17. h6 Ne6 18. Be5 N6xg5 19. Nxg5 Qxg5 20. O-O-O Rxe5 21. dxe5 Qxe5 22. hxg7 Ba6 23. Rdg1 Rd8 24. f3 Nxc3 25. Qxh7+ 1-0


[Site "https://www.chess.com"]

[Event "Titled Tuesday Blitz February 07 Late 2023"]
[White "Yeritsyan, Hayk"]
[Black "Makhnev, Denis"]
[WhiteFideId "13307320"]
[BlackFideId "13707647"]
[WhiteElo "2241"]
[BlackElo "2483"]
[Result "0-1"]
[Round "01"]
[TimeControl "180+2"]
[Date "2023.02.07"]
[WhiteClock "0:00:14"]
[BlackClock "0:00:16"]

1. d4 Nf6 2. Nf3 e6 3. e3 d5 4. Bd3 g6 5. Nbd2 Bg7 6. Ne5 O-O 7. O-O c5 8. c3 b6 9. f4 Ba6 10. Bxa6 Nxa6 11. Qe2 Nc7 12. Ndf3 Nce8 13. Bd2 Ne4 14. Be1 f6 15. Nd3 N8d6 16. Nf2 Qc7 17. Nxe4 Nxe4 18. Nd2 Nd6 19. Bg3 Qc6 20. Rac1 b5 21. Bf2 c4 22. Rce1 f5 23. Bh4 Rf7 24. Nf3 Rb7 25. Rc1 a5 26. Be1 b4 27. b3 cxb3 28. axb3 a4 29. Bd2 axb3 30. cxb4 Nc4 31. Rb1 b2 32. Qd3 Qa4 33. Bc3 Qa3 34. Nd2 Rc8 35. Rfd1 Nxd2 36. Bxb2 Qxd3 0-1


[Site "https://www.chess.com"]

[Event "Titled Tuesday Blitz February 07 Late 2023"]
[White "Alekseenko, Kirill"]
[Black "Papayan, Oleg"]
[WhiteFideId "4135539"]
[BlackFideId "4193911"]
[WhiteElo "2686"]
[BlackElo "2253"]
[Result "1-0"]
[Round "01"]
[TimeControl "180+2"]
[Date "2023.02.07"]
[WhiteClock "0:02:11"]
[BlackClock "0:00:35"]

1. d4 Nf6 2. Nc3 d5 3. Bf4 c5 4. e3 a6 5. Nf3 cxd4 6. exd4 Nc6 7. Ne5 Bd7 8. Be2 e6 9. O-O Qb6 10. Nxc6 Bxc6 11. Rb1 Be7 12. Re1 O-O 13. Bd3 h6 14. Qd2 Rfc8 15. h3 Bf8 16. Be5 Nd7 17. Bg3 Kh8 18. Qf4 Nf6 19. Bh4 Nh7 20. Qxf7 Qxd4 21. Qg6 Nf6 22. Bxf6 Qxf6 23. Qh7# 1-0


[Site "https://www.chess.com"]

[Event "Titled Tuesday Blitz February 07 Late 2023"]
[White "Dragomirescu, Angela"]
[Black "Ibarra Jerez, Jose Carlos"]
[WhiteFideId "1209914"]
[BlackFideId "2226332"]
[WhiteElo "2130"]
[BlackElo "2563"]
[Result "0-1"]
[Round "01"]
[TimeControl "180+2"]
[Date "2023.02.07"]
[WhiteClock "0:02:31"]
[BlackClock "0:02:27"]

1. e4 c5 2. Nf3 e6 3. d4 cxd4 4. Nxd4 Bc5 5. Nb3 Bb6 6. Bd3 Ne7 7. Qg4 O-O 8. Bh6 Ng6 9. Bd2 Nc6 10. Qe2 Qh4 11. g3 Qh3 12. Qf1 Qxf1+ 13. Kxf1 Nge5 14. Be2 f5 15. exf5 Rxf5 16. Kg2 0-1


[Site "https://www.chess.com"]

[Event "Titled Tuesday Blitz February 07 Late 2023"]
[White "Indjic, Aleksandar"]
[Black "Fiorito, Francisco"]
[WhiteFideId "911925"]
[BlackFideId "180165"]
[WhiteElo "2618"]
[BlackElo "2305"]
[Result "1-0"]
[Round "01"]
[TimeControl "180+2"]
[Date "2023.02.07"]
[WhiteClock "0:00:35"]
[BlackClock "0:00:01"]

1. d4 Nf6 2. c4 g6 3. Nc3 d5 4. Nf3 Bg7 5. h4 h5 6. Bg5 c6 7. e3 O-O 8. Qb3 dxc4 9. Bxc4 e6 10. g4 b5 11. Be2 hxg4 12. Ne5 g3 13. f4 Qa5 14. O-O-O b4 15. Bxf6 Bxf6 16. Ne4 Bg7 17. h5 Qd5 18. Qc2 Qxa2 19. Bc4 Qa1+ 20. Kd2 Qa5 21. b3 Rd8 22. Ke2 c5 23. Nxf7 Kxf7 24. Ng5+ Kg8 25. h6 cxd4 26. Qxg6 d3+ 27. Bxd3 Qc7 28. Bc4 Ba6 29. Rxd8+ Qxd8 30. Qf7+ Kh8 31. hxg7# 1-0


[Site "https://www.chess.com"]

[Event "Titled Tuesday Blitz February 07 Late 2023"]
[White "Kaplan, Avi Harrison"]
[Black "Svane, Frederik"]
[WhiteFideId "30934559"]
[BlackFideId "12923044"]
[WhiteElo "2146"]
[BlackElo "2600"]
[Result "0-1"]
[Round "01"]
[TimeControl "180+2"]
[Date "2023.02.07"]
[WhiteClock "0:00:01"]
[BlackClock "0:00:21"]

1. d4 Nf6 2. c4 e6 3. g3 d5 4. Bg2 dxc4 5. Nf3 a6 6. Ne5 Bb4+ 7. Nc3 Nd5 8. O-O O-O 9. Bd2 Nb6 10. Qc2 Qxd4 11. Bf4 Bxc3 12. bxc3 Qc5 13. Rfd1 N8d7 14. Nxd7 Nxd7 15. Rab1 Rb8 16. Be3 Qe7 17. Qe4 b5 18. Qc6 Ne5 19. Qe4 f6 20. f4 Bb7 21. Qd4 Bxg2 22. Kxg2 Nc6 23. Qe4 Nd8 24. Rd2 Nf7 25. Rbd1 Rfd8 26. Qc6 Rxd2 27. Rxd2 Rd8 28. Qxa6 Rxd2 29. Bxd2 Qd7 30. Be3 Qd5+ 31. Kf2 Nd6 32. Bd4 e5 33. fxe5 fxe5 34. Be3 h6 35. Qa7 Ne4+ 36. Ke1 Nxc3 37. Qb8+ Kh7 38. Bd2 Ne4 39. Be3 Qd7 40. Qb7 Nf6 41. Bb6 cxb6 42. Qxb6 Qd4 43. Qxb5 Ne4 44. e3 Qd2+ 45. Kf1 Qf2# 0-1


[Site "https://www.chess.com"]

[Event "Titled Tuesday Blitz February 07 Late 2023"]
[White "Suleymanli, Aydin"]
[Black "Danielyan, Vahe"]
[WhiteFideId "13413937"]
[BlackFideId "13304828"]
[WhiteElo "2560"]
[BlackElo "2346"]
[Result "1-0"]
[Round "01"]
[TimeControl "180+2"]
[Date "2023.02.07"]
[WhiteClock "0:01:06"]
[BlackClock "0:00:05"]

1. e4 c5 2. Nf3 Nc6 3. d4 cxd4 4. Nxd4 g6 5. Nc3 Bg7 6. Nb3 Nf6 7. f3 d6 8. Be3 Bd7 9. Qd2 a6 10. Be2 b5 11. a4 b4 12. Nd5 Nxd5 13. exd5 Ne5 14. Qxb4 O-O 15. Bb6 Qc8 16. Nd4 Qb7 17. a5 Rfc8 18. c3 Qxd5 19. Rd1 Qb7 20. O-O Nc6 21. Nxc6 Bxc6 22. Rfe1 Bf6 23. Bf1 h5 24. Qf4 Bd5 25. h4 Bg7 26. Qg5 Be6 27. Rxe6 fxe6 28. Bd3 Qd5 29. Qxg6 Kf8 30. Re1 e5 31. Bf5 Qf7 32. Qxf7+ Kxf7 33. Bxc8 Rxc8 34. Re4 Ke6 35. Kf2 Bf6 36. Rb4 Kd5 37. Be3 Rc4 38. Rxc4 Kxc4 39. Bg5 Kb3 40. Bxf6 exf6 41. g4 hxg4 42. h5 g3+ 43. Kxg3 d5 44. h6 d4 45. cxd4 exd4 46. h7 d3 47. h8=Q d2 48. Qd8 Kc2 49. Qc7+ Kb1 50. Qd6 Kc1 51. Qc5+ Kb1 52. Qd4 Kc2 53. Qc3+ Kd1 54. Qxf6 Ke2 55. Qe5+ 1-0


[Site "https://www.chess.com"]

[Event "Titled Tuesday Blitz February 07 Late 2023"]
[White "Roux, Baptiste"]
[Black "Kozak, Adam"]
[WhiteFideId "36017450"]
[BlackFideId "753246"]
[WhiteElo "2300"]
[BlackElo "2572"]
[Result "0-1"]
[Round "01"]
[TimeControl "180+2"]
[Date "2023.02.07"]
[WhiteClock "0:00:06"]
[BlackClock "0:00:47"]

1. e4 e5 2. Nf3 d6 3. d4 exd4 4. Qxd4 Nc6 5. Bb5 Bd7 6. Bxc6 Bxc6 7. Nc3 Qf6 8. O-O Qxd4 9. Nxd4 Ne7 10. Nxc6 bxc6 11. b3 Ng6 12. Bb2 Be7 13. Ne2 f6 14. f4 Kd7 15. Nd4 Rhe8 16. Rae1 Bf8 17. f5 Ne5 18. Ne6 Nf7 19. c4 Nd8 20. Nxd8 Kxd8 21. Kf2 a5 22. Kf3 a4 23. Re2 Kd7 24. Rd1 Reb8 25. Rd3 Ke8 26. g4 Be7 27. h4 Kf7 28. Bd4 Rb7 29. Rb2 Rab8 30. Ke2 Ke8 31. Be3 Ra8 32. Rd1 Kd7 33. Kd3 axb3 34. axb3 Rab8 35. Kc2 Re8 36. Rg1 Bf8 37. Kd3 d5 38. cxd5 cxd5 39. g5 Rxe4 40. gxf6 gxf6 41. Bd4 Rf4 42. Bxf6 Rxf5 43. Bg5 Rf3+ 44. Kc2 Bd6 45. Rg2 Rb4 46. Rb1 h5 47. Re2 Rg4 48. Rd1 Kc6 49. Rd3 Rf5 50. Kb2 Kd7 51. Red2 c6 52. Kc2 Bf4 53. Bxf4 Rfxf4 54. Rh2 Rxh4 55. Rdh3 Rxh3 56. Rxh3 h4 57. Kc3 Ke6 58. b4 Kf5 59. Kb3 Rc4 60. Rd3 Kg4 61. b5 cxb5 62. Rxd5 Rf4 63. Rxb5 h3 64. Kc2 h2 65. Rb1 Kg3 66. Kd2 Kg2 67. Ke2 h1=Q 68. Rxh1 Kxh1 0-1


[Site "https://www.chess.com"]

[Event "Titled Tuesday Blitz February 07 Late 2023"]
[White "Makarian, Rudik"]
[Black "Zochowski, Kacper"]
[WhiteFideId "44105681"]
[BlackFideId "1125494"]
[WhiteElo "2545"]
[BlackElo "2262"]
[Result "1/2-1/2"]
[Round "01"]
[TimeControl "180+2"]
[Date "2023.02.07"]
[WhiteClock "0:00:06"]
[BlackClock "0:00:12"]

1. d4 d6 2. Nf3 Nd7 3. e4 g6 4. Bd3 Bg7 5. O-O e6 6. c3 Ne7 7. Re1 b6 8. h3 Bb7 9. a4 a6 10. Nbd2 O-O 11. Nf1 c5 12. Ng3 h6 13. Bf4 e5 14. dxe5 Nxe5 15. Nxe5 dxe5 16. Be3 Nc6 17. Bc4 Qe7 18. Bd5 Nd8 19. c4 Ne6 20. Ne2 Nd4 21. Bxd4 exd4 22. Nc1 Rfe8 23. Nd3 h5 24. Qf3 a5 25. Bxb7 Qxb7 26. Qf4 Kh7 27. Re2 Bh6 28. Qh4 Re7 29. Rae1 Rae8 30. Kf1 Qc7 31. e5 Bg7 32. f4 Qc6 33. b3 Bh6 34. Qg3 Qd7 35. Qf3 h4 36. Qg4 Qf5 37. Qf3 Re6 38. Kf2 g5 39. fxg5 Qxf3+ 40. gxf3 Bxg5 41. f4 Bh6 42. Kf3 Rg6 43. Ke4 Rg3 44. Rh1 Kg6 45. f5+ Kh5 46. f6 Be3 47. Nf4+ Bxf4 48. Kxf4 Rxb3 49. e6 fxe6 50. Ke5 Rf3 51. Rg1 Rf5+ 52. Kd6 Rxf6 53. Re5+ Kh6 54. Kd7 Ref8 55. Kc6 R8f7 56. Rg4 Rf5 57. Rxe6+ R7f6 58. Rxh4+ Kg5 59. Rg4+ Kh5 60. Rxf6 Rxf6+ 61. Kb5 d3 62. Rg2 Rd6 63. Rd2 Kh4 64. Ka6 Kxh3 65. Kb7 Kg3 66. Kc7 Rd4 67. Kxb6 Kf3 68. Kxc5 Rd8 69. Kb5 Ke3 70. Rd1 d2 71. c5 Ke2 72. Rxd2+ Kxd2 73. c6 Kc3 74. Kxa5 Rc8 75. Kb6 Kb4 76. a5 Rxc6+ 77. Kxc6 Kxa5 1/2-1/2


[Site "https://www.chess.com"]

[Event "Titled Tuesday Blitz February 07 Late 2023"]
[White "Przybylski, Wojciech"]
[Black "Baskakov, Egor"]
[WhiteFideId "1117599"]
[BlackFideId "24197866"]
[WhiteElo "2321"]
[BlackElo "2215"]
[Result "0-1"]
[Round "01"]
[TimeControl "180+2"]
[Date "2023.02.07"]
[WhiteClock "0:00:15"]
[BlackClock "0:01:29"]

1. e4 c5 2. Nf3 Nf6 3. e5 Nd5 4. Nc3 e6 5. Bc4 Nb6 6. Be2 Nc6 7. d3 d5 8. exd6 Bxd6 9. O-O O-O 10. Re1 e5 11. a4 Be7 12. Bf1 f6 13. a5 Nd5 14. Nxd5 Qxd5 15. Nd2 Be6 16. g3 Qd7 17. Bg2 Rac8 18. a6 b6 19. Nc4 Rfd8 20. Be3 Bd5 21. Bxd5+ Qxd5 22. Qg4 b5 23. Na5 Nd4 24. Bxd4 cxd4 25. Nb7 Rf8 26. Qe2 Bb4 27. Rec1 Rc7 28. Rab1 Rfc8 29. c3 dxc3 30. bxc3 Bxc3 31. d4 Bxd4 32. Rxc7 Rxc7 33. h4 Qc4 34. Qh5 g6 35. Qf3 e4 36. Qxe4 Bxf2+ 0-1


[Site "https://www.chess.com"]

[Event "Titled Tuesday Blitz February 07 Late 2023"]
[White "Perez Ponsa, Federico"]
[Black "Jimenez Almeida, Luis David"]
[WhiteFideId "117927"]
[BlackFideId "22242244"]
[WhiteElo "2532"]
[BlackElo "2242"]
[Result "1-0"]
[Round "01"]
[TimeControl "180+2"]
[Date "2023.02.07"]
[WhiteClock "0:00:32"]
[BlackClock "0:00:34"]

1. e4 c5 2. Nf3 Nc6 3. d4 cxd4 4. Nxd4 Nf6 5. Nc3 e5 6. Ndb5 d6 7. Bg5 a6 8. Na3 b5 9. Nd5 Be7 10. Bxf6 Bxf6 11. c3 Bg5 12. Nc2 O-O 13. a4 bxa4 14. Rxa4 Ne7 15. Ncb4 Nxd5 16. Nxd5 Bb7 17. Bc4 g6 18. O-O Kg7 19. Qe2 a5 20. b4 axb4 21. Rxa8 Bxa8 22. cxb4 Bxd5 23. Bxd5 Qb6 24. b5 f5 25. exf5 Rxf5 26. g3 h5 27. Kg2 e4 28. Rd1 e3 29. f4 Bf6 30. Bc6 Bd4 31. Qd3 Bc5 32. Qc3+ Kh7 33. Be4 Rf7 34. Rd5 Kh6 35. Qh8+ Rh7 36. Rxh5+ gxh5 37. Qxh7# 1-0


[Site "https://www.chess.com"]

[Event "Titled Tuesday Blitz February 07 Late 2023"]
[White "Iljin, Timofey"]
[Black "Moussard, Jules"]
[WhiteFideId "14110180"]
[BlackFideId "642908"]
[WhiteElo "2329"]
[BlackElo "2644"]
[Result "0-1"]
[Round "01"]
[TimeControl "180+2"]
[Date "2023.02.07"]
[WhiteClock "0:00:06"]
[BlackClock "0:00:16"]

1. d4 d6 2. c4 e5 3. e3 f5 4. Nc3 Be7 5. g3 Nf6 6. Bg2 O-O 7. Nf3 e4 8. Nd2 c6 9. d5 Nbd7 10. O-O Ne5 11. f3 cxd5 12. cxd5 Qb6 13. Qe2 exf3 14. Nxf3 Nxf3+ 15. Bxf3 Bd7 16. b3 Rac8 17. Bb2 Rfe8 18. Kg2 Bd8 19. Rae1 a5 20. Na4 Bxa4 21. bxa4 Qb4 22. Bd4 Qxa4 23. Rb1 Rc2 24. Rxb7 Rxe2+ 25. Bxe2 Qxa2 26. Rb2 Qxd5+ 27. Bf3 Ne4 28. Rfb1 Bf6 29. Rb5 Qc4 30. Bd1 Kh8 31. Rb8 Rg8 32. Rxg8+ Qxg8 33. Bb3 Qc8 34. Ba4 Bxd4 35. exd4 Nc3 36. Rc1 Qa8+ 37. Kh3 Nxa4 38. Rc7 h6 39. Kh4 Qe4+ 40. Kh3 Nb6 41. Ra7 Nd5 42. Ra6 Nf4+ 43. Kh4 g5# 0-1


[Site "https://www.chess.com"]

[Event "Titled Tuesday Blitz February 07 Late 2023"]
[White "Melkumyan, Hrant"]
[Black "Baches Garcia, Guillermo"]
[WhiteFideId "13302485"]
[BlackFideId "2209764"]
[WhiteElo "2645"]
[BlackElo "2327"]
[Result "1-0"]
[Round "01"]
[TimeControl "180+2"]
[Date "2023.02.07"]
[WhiteClock "0:01:27"]
[BlackClock "0:00:03"]

1. d4 Nf6 2. c3 e6 3. Bf4 b6 4. e3 Bb7 5. h3 c5 6. Nf3 cxd4 7. cxd4 Be7 8. Bd3 O-O 9. Nc3 Nc6 10. O-O d6 11. Rc1 h6 12. d5 exd5 13. Nb5 Rc8 14. Nbd4 Ne5 15. Be2 Ng6 16. Bh2 Ne4 17. Nf5 Bf6 18. N3d4 Ne5 19. Rxc8 Bxc8 20. Qa4 a5 21. Rc1 Nc5 22. Qc2 Re8 23. Bb5 Rf8 24. a3 h5 25. b4 axb4 26. axb4 Ne4 27. Ng3 Nxg3 28. Bxg3 h4 29. Bh2 Bd7 30. Qa4 Bxb5 31. Qxb5 Qa8 32. Qxb6 Qa2 33. Qxd6 Nd3 34. Rf1 Bxd4 35. exd4 Qd2 36. b5 Re8 37. Be5 1-0


[Site "https://www.chess.com"]

[Event "Titled Tuesday Blitz February 07 Late 2023"]
[White "Ramirez Allo, Eduardo"]
[Black "Tari, Aryan"]
[WhiteFideId "2224178"]
[BlackFideId "1510045"]
[WhiteElo "2274"]
[BlackElo "2642"]
[Result "1/2-1/2"]
[Round "01"]
[TimeControl "180+2"]
[Date "2023.02.07"]
[WhiteClock "0:00:05"]
[BlackClock "0:00:09"]

1. Nf3 Nf6 2. g3 c5 3. Bg2 Nc6 4. d4 cxd4 5. Nxd4 e5 6. Nxc6 dxc6 7. O-O Be6 8. b3 Nd7 9. Bb2 Be7 10. c4 O-O 11. Nc3 a5 12. Qc2 Nc5 13. Rfd1 Qc7 14. Ne4 f6 15. Ba3 Bf5 16. Bxc5 Bxc5 17. e3 Be7 18. Qc3 Bb4 19. Qb2 Rfd8 20. a3 Be7 21. b4 axb4 22. axb4 Rxa1 23. Rxa1 Qb6 24. b5 Be6 25. Bf1 cxb5 26. cxb5 Rc8 27. Rc1 Rc7 28. Rxc7 Qxc7 29. h4 h6 30. Bg2 Qc4 31. Qb1 b6 32. Nd2 Qc3 33. Ne4 Qc4 34. Nd2 Qb4 35. Qd3 Qd6 36. Qxd6 Bxd6 37. Bc6 f5 38. e4 g6 39. Kf1 Kf7 40. Ke2 Kf6 41. f3 Bc5 42. Nf1 Bc4+ 43. Ke1 Bb4+ 44. Kf2 Bc5+ 45. Kg2 Bd4 46. Nd2 Bd3 47. g4 fxg4 48. fxg4 Ke7 49. Kf3 Bc2 50. Bd5 Bd1+ 51. Kg3 Be3 52. Nc4 Bd4 53. g5 hxg5 54. hxg5 Be2 55. Nd2 Be3 56. Nc4 Bd4 57. Nd2 Kd6 58. Nf3 Be3 59. Bc6 Bf4+ 60. Kg2 Bd3 61. Kf2 Kc5 62. Nh4 Bxg5 63. Nxg6 Kd4 64. Kf3 Bc2 65. Kg4 Bd2 66. Kf5 Bc3 67. Nxe5 Kc5 68. Nd7+ Kd6 69. Nxb6 Bd4 70. Nc4+ Kc5 71. Ne5 Bd1 72. Nd7+ Kd6 73. e5+ Ke7 74. e6 Bc2+ 75. Kf4 Kxe6 76. Nb8 Kd6 77. Na6 Bd3 78. Nb4 Bc4 79. Nc2 Bc3 80. Ke3 Kc5 81. Ke4 Bb3 82. Ne3 Ba4 83. Nd5 Ba5 84. Ke5 Bxb5 85. Bxb5 Kxb5 1/2-1/2


[Site "https://www.chess.com"]

[Event "Titled Tuesday Blitz February 07 Late 2023"]
[White "Jones, Gawain C B"]
[Black "Khandelwal, Ankush"]
[WhiteFideId "409561"]
[BlackFideId "413470"]
[WhiteElo "2618"]
[BlackElo "2205"]
[Result "1-0"]
[Round "01"]
[TimeControl "180+2"]
[Date "2023.02.07"]
[WhiteClock "0:00:47"]
[BlackClock "0:00:02"]

1. e4 c6 2. Nf3 d5 3. exd5 cxd5 4. Ne5 Nd7 5. d4 Ngf6 6. Bd3 e6 7. O-O Bd6 8. Nf3 O-O 9. Re1 a5 10. Nc3 b6 11. Nb5 Bb8 12. Ne5 Nxe5 13. dxe5 Nd7 14. Bf4 Ba6 15. Qh5 g6 16. Qh6 Bxb5 17. Bxb5 f6 18. exf6 Qxf6 19. Bxb8 Qxf2+ 20. Kh1 Nxb8 21. Rxe6 Nd7 22. Qe3 Nc5 23. Qxf2 Rxf2 24. Rxb6 Rxc2 25. Rc6 Rf8 26. Bd3 Rxb2 27. Rxc5 Rxa2 28. Rxa2 1-0


[Site "https://www.chess.com"]

[Event "Titled Tuesday Blitz February 07 Late 2023"]
[White "Matko, Ognjen"]
[Black "Swiercz, Dariusz"]
[WhiteFideId "14509717"]
[BlackFideId "1126881"]
[WhiteElo "2295"]
[BlackElo "2637"]
[Result "0-1"]
[Round "01"]
[TimeControl "180+2"]
[Date "2023.02.07"]
[WhiteClock "0:00:06"]
[BlackClock "0:00:34"]

1. e4 c5 2. Nf3 Nc6 3. c3 e5 4. Bc4 Nf6 5. d3 Be7 6. O-O O-O 7. a4 d5 8. exd5 Nxd5 9. Re1 Nb6 10. Bb3 c4 11. dxc4 Qxd1 12. Bxd1 Nxc4 13. Nbd2 Nxd2 14. Bxd2 f6 15. b4 Be6 16. Be3 Rfd8 17. Be2 Rac8 18. a5 a6 19. Bb6 Rd7 20. b5 Nb8 21. Rec1 Bc4 22. Bxc4+ Rxc4 23. bxa6 bxa6 24. g3 Nc6 25. Ne1 Bc5 26. Rd1 Rb7 27. Rab1 Rxc3 28. Nd3 Bd4 29. Bxd4 Rxb1 30. Rxb1 Rxd3 31. Bb6 Kf7 32. Rc1 Rd6 33. Bc7 Re6 34. f3 Nd4 35. Kf2 Rc6 36. Rxc6 Nxc6 37. Ke3 Ke6 38. g4 Kd5 39. h4 g6 40. h5 gxh5 41. gxh5 f5 42. f4 e4 43. Bb6 Nb4 44. Kd2 Nd3 45. Ke3 Nb2 46. Ke2 Nc4 47. Bc7 Kc6 48. Bd8 Kd7 0-1


[Site "https://www.chess.com"]

[Event "Titled Tuesday Blitz February 07 Late 2023"]
[White "Zhigalko, Sergei"]
[Black "Bochnicka, Vladimir"]
[WhiteFideId "13502956"]
[BlackFideId "14943450"]
[WhiteElo "2572"]
[BlackElo "2327"]
[Result "1-0"]
[Round "01"]
[TimeControl "180+2"]
[Date "2023.02.07"]
[WhiteClock "0:00:04"]
[BlackClock "0:00:08"]

1. e4 c5 2. Nf3 Nc6 3. c3 Nf6 4. e5 Nd5 5. Bc4 Nb6 6. Bb3 e6 7. O-O d6 8. exd6 Bxd6 9. d4 cxd4 10. cxd4 O-O 11. Nc3 Ne7 12. Bg5 h6 13. Bh4 Bd7 14. Ne5 Rc8 15. Ne4 Bb8 16. Nf6+ Kh8 17. Qh5 Bxe5 18. dxe5 Ng6 19. Bg5 Nxe5 20. Bxh6 gxf6 21. Bxf8+ Kg8 22. Bd6 Ng6 23. Rad1 Nc4 24. Bxc4 Rxc4 25. Bg3 Qe7 26. Qa5 a6 27. b3 Rc8 28. Rfe1 Bc6 29. Bd6 Qe8 30. Qb4 Kg7 31. Qg4 Qh8 32. Ba3 Qh7 33. Bb2 Rh8 34. h3 e5 35. Rd6 Qh6 36. Bc1 Qh4 37. Qxh4 Nxh4 38. f3 Nf5 39. Rd2 Nd4 40. Bb2 Ne6 41. Kf2 Nf4 42. Rc1 Bb5 43. Rc3 Bc6 44. Re3 Nd5 45. Red3 Nf4 46. Rd8 Rxd8 47. Rxd8 Bb5 48. Bc3 Kg6 49. Bd2 Nd3+ 50. Ke3 Nc5 51. Rg8+ Kf5 52. g4+ Ke6 53. h4 Bd3 54. h5 e4 55. fxe4 Bxe4 56. b4 Bh7 57. Rh8 f5 58. Rxh7 fxg4 59. bxc5 1-0


[Site "https://www.chess.com"]